TOP OF THE 1ST |
---|
Saint John's Red Storm batting - Pitching for Nebraska Cornhuskers : LHP Randy Leonard | Pitching: LHP Randy Leonard | | Batting: SHB Roderick Thurman | 0-0: Ball 1-0: Ball 2-0: SINGLE (Line Drive, 78S) | Batting: LHB Larry Bradley | 0-0: Ball 1-0: SINGLE (Groundball, 4MD) Roderick Thurman to second | Batting: LHB Richard Shelton | 0-0: Ball 1-0: Ball 2-0: Ball 3-0: Base on Balls Roderick Thurman to third Larry Bradley to second | Batting: RHB Thomas Barnes | 0-0: Called Strike 0-1: Ball 1-1: Swinging Strike 1-2: Ball 2-2: Ball 3-2: DOUBLE (Groundball, 3L) Roderick Thurman scores Larry Bradley scores Richard Shelton to third Runner from 3rd tries for Home, SAFE, throw made at trailing runner, OUT at third! | Batting: LHB Roger Faulkner | 0-0: Called Strike 0-1: Foul Ball, location: 2F 0-2: Hit by Pitch | Batting: SHB Timothy McBride | 0-0: Called Strike 0-1: Grounds into double play, 4-6-3 (Groundball, 4) | Top of the 1st over - 3 runs, 3 hits, 0 errors, 0 left on base; Saint John's 3 - Nebraska 0 | BOTTOM OF THE 1ST |
---|
Nebraska Cornhuskers batting - Pitching for Saint John's Red Storm : RHP Kent Bailey | Pitching: RHP Kent Bailey | | Batting: RHB Ronald Hodge | 0-0: Foul Ball, location: 2F 0-1: Swinging Strike 0-2: Ground out U3 (Groundball, 34S) | Batting: LHB Scott Perkins | 0-0: Ball 1-0: Swinging Strike 1-1: Ball 2-1: Swinging Strike 2-2: Ball 3-2: Base on Balls | Batting: LHB Luis García | 0-0: Called Strike 0-1: DOUBLE (Groundball, 3L) Scott Perkins to third Runner from 3rd tries for Home, SAFE, no throw | Batting: LHB Wes Britton | 0-0: Swinging Strike 0-1: Fly out, F7 (Flyball, 7D) Runner from 2nd tags up, SAFE at 3rd, no throw | Batting: SHB David Stanley | 0-0: Ball 1-0: Ball 2-0: Called Strike 2-1: Foul Ball, location: 2F 2-2: Foul Ball, location: 2F 2-2: Foul Ball, location: 2F 2-2: Ball 3-2: Foul Ball, location: 2F 3-2: Foul Ball, location: 2F 3-2: Strikes out swinging | Bottom of the 1st over - 1 run, 1 hit, 0 errors, 1 left on base; Saint John's 3 - Nebraska 1 | TOP OF THE 2ND |
---|
Saint John's Red Storm batting - Pitching for Nebraska Cornhuskers : LHP Randy Leonard | Batting: RHB Mark Lester | 0-0: Foul Ball, location: 2F 0-1: Ball 1-1: Called Strike 1-2: Fly out, F7 (Flyball, 78S) | Batting: RHB Jarrod Campbell | 0-0: Swinging Strike 0-1: Fly out, F8 (Flyball, 8RM) | Batting: RHB Pete King | 0-0: Ball 1-0: Ball 2-0: Swinging Strike 2-1: Ball 3-1: Foul Ball, location: 2F 3-2: Base on Balls | Batting: SHB Roderick Thurman | 0-0: Fly out, F8 (Flyball, 8RD) | Top of the 2nd over - 0 runs, 0 hits, 0 errors, 1 left on base; Saint John's 3 - Nebraska 1 | BOTTOM OF THE 2ND |
---|
Nebraska Cornhuskers batting - Pitching for Saint John's Red Storm : RHP Kent Bailey | Batting: RHB John Carr | 0-0: SOLO HOME RUN (Flyball, 7LD), Distance : 328 ft | Batting: LHB Edmund Bilbrey | 0-0: Foul Ball, location: 2F 0-1: Ball 1-1: Called Strike 1-2: Ball 2-2: Fly out, F8 (Line Drive, 8LM) | Batting: RHB Pedro Martínez | 0-0: Called Strike 0-1: Fly out, F8 (Flyball, 8LD) | Batting: SHB Conner Whitney | 0-0: Swinging Strike 0-1: Ball 1-1: Fly out, F7 (Flyball, 78S) | Bottom of the 2nd over - 1 run, 1 hit, 0 errors, 0 left on base; Saint John's 3 - Nebraska 2 | TOP OF THE 3RD |
---|
Saint John's Red Storm batting - Pitching for Nebraska Cornhuskers : LHP Randy Leonard | Batting: LHB Larry Bradley | 0-0: Ball 1-0: Foul Ball, location: 2F 1-1: Ball 2-1: Ball 3-1: Base on Balls | Batting: LHB Richard Shelton | 0-0: Ball 1-0: Called Strike 1-1: Ball 2-1: Called Strike 2-2: 2-RUN HOME RUN (Flyball, 9LD), Distance : 337 ft | Batting: RHB Russ Long | 0-0: Foul Ball, location: 2F 0-1: SINGLE (Line Drive, 8LS) | Batting: LHB Roger Faulkner | 0-0: Ball 1-0: Called Strike 1-1: Foul Ball, location: 2F 1-2: Ball 2-2: Strikes out swinging | Batting: SHB Timothy McBride | 0-0: Ball 1-0: Fly out, F7 (Flyball, 7) | Batting: RHB Mark Lester | 0-0: Ball 1-0: Foul Ball, location: 2F 1-1: Ball 2-1: Ball 3-1: Base on Balls Russ Long to second | Batting: RHB Jarrod Campbell | 0-0: Foul Ball, location: 2F 0-1: Ground out 4-3 (Groundball, 4) | Top of the 3rd over - 2 runs, 2 hits, 0 errors, 2 left on base; Saint John's 5 - Nebraska 2 | BOTTOM OF THE 3RD |
---|
Nebraska Cornhuskers batting - Pitching for Saint John's Red Storm : RHP Kent Bailey | Batting: RHB Ronald Hodge | 0-0: Called Strike 0-1: Called Strike 0-2: Ball 1-2: Strikes out looking | Batting: LHB Scott Perkins | 0-0: Foul Ball, location: 2F 0-1: Ball 1-1: Foul Ball, location: 2F 1-2: Foul Ball, location: 2F 1-2: Strikes out swinging | Batting: LHB Luis García | 0-0: Swinging Strike 0-1: Ball 1-1: Ball 2-1: Called Strike 2-2: Foul Ball, location: 2F 2-2: Ball 3-2: Base on Balls | Batting: LHB Wes Britton | 0-0: Ball Luis García steals 2nd base 1-0: Swinging Strike 1-1: Called Strike 1-2: Ball 2-2: SINGLE (Line Drive, 6D) Luis García to third Runner from 3rd tries for Home, SAFE, no throw | Batting: SHB David Stanley | 0-0: Called Strike Wes Britton is caught stealing 2nd base | Bottom of the 3rd over - 1 run, 1 hit, 0 errors, 0 left on base; Saint John's 5 - Nebraska 3 | TOP OF THE 4TH |
---|
Saint John's Red Storm batting - Pitching for Nebraska Cornhuskers : LHP Randy Leonard | Batting: RHB Pete King | 0-0: Called Strike 0-1: Foul Ball, location: 2F 0-2: Foul Ball, location: 2F 0-2: Ball 1-2: Strikes out swinging | Batting: SHB Roderick Thurman | 0-0: Ball 1-0: Foul Ball, location: 2F 1-1: DOUBLE (Flyball, 8RD) | Batting: LHB Larry Bradley | 0-0: Ball Wild Pitch! Roderick Thurman to third 1-0: Ball 2-0: Ball 3-0: Base on Balls | Batting: LHB Richard Shelton | 0-0: Called Strike 0-1: Ball 1-1: Ball 2-1: Fly out, F3 (Popup, 3F) | Batting: RHB Russ Long | 0-0: Called Strike 0-1: Swinging Strike 0-2: Ball 1-2: Strikes out looking | Top of the 4th over - 0 runs, 1 hit, 0 errors, 2 left on base; Saint John's 5 - Nebraska 3 | BOTTOM OF THE 4TH |
---|
Nebraska Cornhuskers batting - Pitching for Saint John's Red Storm : RHP Kent Bailey | Batting: SHB David Stanley | 0-0: Foul Ball, location: 2F 0-1: Foul Ball, location: 2F 0-2: Ball 1-2: Ball 2-2: Foul Ball, location: 2F 2-2: Ball 3-2: Foul Ball, location: 2F 3-2: Reached on error, E4 (Groundball, 4) | Batting: RHB John Carr | 0-0: Ball 1-0: Ball 2-0: Ball 3-0: Base on Balls | Batting: LHB Edmund Bilbrey | 0-0: Foul Ball, location: 2F 0-1: Ball 1-1: Called Strike 1-2: Foul Ball, location: 2F 1-2: Strikes out looking | Batting: RHB Pedro Martínez | 0-0: Swinging Strike 0-1: Fly out, F3 (Popup, 23F) | Batting: SHB Conner Whitney | 0-0: Ball 1-0: Ball 2-0: Called Strike 2-1: Fly out, F7 (Flyball, 7LS) | Bottom of the 4th over - 0 runs, 0 hits, 1 error, 2 left on base; Saint John's 5 - Nebraska 3 | TOP OF THE 5TH |
---|
Saint John's Red Storm batting - Pitching for Nebraska Cornhuskers : LHP Randy Leonard | Pitching: LHP Roger James | | Batting: LHB Roger Faulkner | 0-0: Called Strike 0-1: Ball 1-1: Foul Ball, location: 2F 1-2: Ball 2-2: Foul Ball, location: 2F 2-2: SINGLE (Flyball, 9S) | Batting: SHB Timothy McBride | 0-0: Ball 1-0: Ball 2-0: Called Strike 2-1: Ball 3-1: Foul Ball, location: 2F 3-2: Foul Ball, location: 2F 3-2: Grounds into double play, 6-4-3 (Groundball, 6) | Batting: RHB Mark Lester | 0-0: Ball 1-0: Foul Ball, location: 2F 1-1: Ball 2-1: Ball 3-1: Foul Ball, location: 2F 3-2: Base on Balls | Batting: RHB Jarrod Campbell | 0-0: Ball 1-0: Foul Ball, location: 2F 1-1: Ball 2-1: Foul Ball, location: 2F 2-2: Foul Ball, location: 2F 2-2: 2-RUN HOME RUN (Flyball, 7D), Distance : 346 ft | Batting: RHB Pete King | 0-0: Ball | |
---|
| | 1-0: Ball 2-0: Called Strike 2-1: Ground out 5-3 (Groundball, 56) | Top of the 5th over - 2 runs, 2 hits, 0 errors, 0 left on base; Saint John's 7 - Nebraska 3 | BOTTOM OF THE 5TH |
---|
Nebraska Cornhuskers batting - Pitching for Saint John's Red Storm : RHP Kent Bailey | Pitching: RHP Bill Simmons | | Batting: RHB Ronald Hodge | 0-0: Ball 1-0: Foul Ball, location: 2F 1-1: Foul Ball, location: 2F 1-2: Reached on error, E4 (Groundball, 4) | Batting: LHB Scott Perkins | 0-0: Ball Ronald Hodge steals 2nd base 1-0: Called Strike 1-1: Foul Ball, location: 2F 1-2: Ball 2-2: Ground out 6-3 (Groundball, 6) | Batting: LHB Luis García | 0-0: Ball 1-0: SINGLE (Groundball, 34D) Ronald Hodge to third | Batting: LHB Wes Britton | 0-0: Ball 1-0: Swinging Strike 1-1: Called Strike 1-2: Ball 2-2: Ball 3-2: Base on Balls Luis García to second | Batting: SHB David Stanley | 0-0: Called Strike 0-1: Fly out, F3 (Line Drive, 34) | Batting: RHB John Carr | 0-0: Ball 1-0: Ball 2-0: Ball 3-0: Base on Balls Ronald Hodge scores Luis García to third Wes Britton to second | Batting: LHB Edmund Bilbrey | 0-0: Foul Ball, location: 2F 0-1: Swinging Strike 0-2: Ball 1-2: Ball 2-2: Fly out, F7 (Flyball, 78D) | Bottom of the 5th over - 1 run, 1 hit, 1 error, 3 left on base; Saint John's 7 - Nebraska 4 | TOP OF THE 6TH |
---|
Saint John's Red Storm batting - Pitching for Nebraska Cornhuskers : LHP Roger James | Pitching: RHP Rick James | | Batting: SHB Roderick Thurman | 0-0: Ball 1-0: Swinging Strike 1-1: Called Strike 1-2: SINGLE (Groundball, 4MD) | Batting: LHB Larry Bradley | 0-0: Fly out, F8 (Line Drive, 8RD) | Now in CF: Guy Bullard | | Batting: LHB Richard Shelton | 0-0: Ball 1-0: Called Strike 1-1: Ball 2-1: Fly out, F4 (Line Drive, 4) | Batting: RHB Russ Long | 0-0: Ball 1-0: Foul Ball, location: 2F 1-1: Called Strike 1-2: Foul Ball, location: 2F 1-2: Strikes out looking | Top of the 6th over - 0 runs, 1 hit, 0 errors, 1 left on base; Saint John's 7 - Nebraska 4 | BOTTOM OF THE 6TH |
---|
Nebraska Cornhuskers batting - Pitching for Saint John's Red Storm : RHP Bill Simmons | Batting: RHB Pedro Martínez | 0-0: Foul Ball, location: 2F 0-1: Ball 1-1: Swinging Strike 1-2: Strikes out looking | Batting: SHB Conner Whitney | 0-0: Ball 1-0: Ball 2-0: Called Strike 2-1: Foul Ball, location: 2F 2-2: Ball 3-2: Foul Ball, location: 2F 3-2: Fly out, F8 (Flyball, 8LM) | Batting: RHB Ronald Hodge | 0-0: Ball 1-0: Ball 2-0: Foul Ball, location: 2F 2-1: Fly out, F8 (Flyball, 8LD) | Bottom of the 6th over - 0 runs, 0 hits, 0 errors, 0 left on base; Saint John's 7 - Nebraska 4 | TOP OF THE 7TH |
---|
Saint John's Red Storm batting - Pitching for Nebraska Cornhuskers : RHP Rick James | Batting: LHB Roger Faulkner | 0-0: Ball 1-0: Called Strike 1-1: Ball 2-1: Ball 3-1: Reached on error, E4 (Groundball, 4S) | Batting: SHB Timothy McBride | 0-0: Called Strike 0-1: Called Strike 0-2: Strikes out swinging | Batting: RHB Mark Lester | 0-0: Ball 1-0: Ball 2-0: Ball 3-0: Swinging Strike 3-1: Called Strike 3-2: Foul Ball, location: 2F 3-2: Strikes out swinging | Batting: RHB Jarrod Campbell | 0-0: Ball 1-0: Called Strike 1-1: Ball 2-1: Ground out 1-3 (Groundball, 13S) | Top of the 7th over - 0 runs, 0 hits, 1 error, 1 left on base; Saint John's 7 - Nebraska 4 | BOTTOM OF THE 7TH |
---|
Nebraska Cornhuskers batting - Pitching for Saint John's Red Storm : RHP Bill Simmons | Batting: LHB Scott Perkins | 0-0: Ball 1-0: Ball 2-0: Ball 3-0: Base on Balls | Pitching: LHP Leonard Herrera | | Batting: LHB Luis García | 0-0: Ball 1-0: Foul Ball, location: 2F 1-1: SINGLE (Groundball, 34D) Scott Perkins to second Runner from 2nd tries for 3rd, SAFE, no throw | Pitching: RHP Juan Moreno | | Batting: RHB Guy Bullard | 0-0: Called Strike 0-1: Ball 1-1: Ball 2-1: Ball 3-1: Called Strike 3-2: Ground out 5-3 (Groundball, 56) Luis García to second | Batting: SHB David Stanley | 0-0: Called Strike 0-1: Foul Ball, location: 2F 0-2: Ball 1-2: Strikes out swinging | Batting: RHB John Carr | 0-0: Called Strike 0-1: Fly out, F8 (Flyball, 89M) | Bottom of the 7th over - 0 runs, 1 hit, 0 errors, 2 left on base; Saint John's 7 - Nebraska 4 | TOP OF THE 8TH |
---|
Saint John's Red Storm batting - Pitching for Nebraska Cornhuskers : RHP Rick James | Batting: RHB Pete King | 0-0: Ball 1-0: Foul Ball, location: 2F 1-1: Ball 2-1: Foul Ball, location: 2F 2-2: Ball 3-2: Base on Balls | Batting: SHB Roderick Thurman | 0-0: Foul Ball, location: 2F 0-1: Foul Ball, location: 2F 0-2: Ball 1-2: SINGLE (Flyball, 5D) Pete King to second | Batting: LHB Larry Bradley | 0-0: Grounds out, U3 (Groundball, 3L) Pete King to third | Batting: LHB Richard Shelton | 0-0: Intentional Walk | Batting: RHB Russ Long | 0-0: Called Strike 0-1: Ball 1-1: Ball 2-1: Ball 3-1: GRAND SLAM HOME RUN (Flyball, 7D), Distance : 364 ft | Batting: LHB Roger Faulkner | 0-0: SINGLE (Groundball, 56D) | Batting: SHB Timothy McBride | 0-0: Called Strike 0-1: Fly out, F5 (Line Drive, 5) | Batting: RHB Mark Lester | Pickoff Throw to First - Out! | Top of the 8th over - 4 runs, 3 hits, 0 errors, 0 left on base; Saint John's 11 - Nebraska 4 | BOTTOM OF THE 8TH |
---|
Nebraska Cornhuskers batting - Pitching for Saint John's Red Storm : RHP Juan Moreno | Batting: LHB Edmund Bilbrey | 0-0: Called Strike 0-1: Swinging Strike 0-2: Strikes out swinging | Batting: RHB Pedro Martínez | 0-0: Ball 1-0: Ball 2-0: Foul Ball, location: 2F 2-1: Ball 3-1: Base on Balls | Batting: SHB Conner Whitney | 0-0: Ball 1-0: Ball 2-0: Fly out, F8 (Flyball, 8LD) | Batting: RHB Ronald Hodge | 0-0: Ball 1-0: Called Strike 1-1: Called Strike 1-2: Ground out 5-3 (Groundball, 56S) | Bottom of the 8th over - 0 runs, 0 hits, 0 errors, 1 left on base; Saint John's 11 - Nebraska 4 | TOP OF THE 9TH |
---|
Saint John's Red Storm batting - Pitching for Nebraska Cornhuskers : RHP Rick James | Pitching: RHP José Carmona | | Batting: RHB Mark Lester | 0-0: Fly out, F8 (Flyball, 8LD) | Batting: RHB Jarrod Campbell | 0-0: Ball 1-0: Swinging Strike 1-1: Swinging Strike 1-2: Strikes out swinging | Batting: RHB Pete King | 0-0: Called Strike 0-1: Foul Ball, location: 2F 0-2: Ball 1-2: Foul Ball, location: 2F 1-2: Foul Ball, location: 2F 1-2: Ball 2-2: Foul Ball, location: 2F 2-2: Ball 3-2: SINGLE (Groundball, 34D) | Batting: SHB Roderick Thurman | 0-0: Ball 1-0: SINGLE (Groundball, 4M) (infield hit) Pete King to second | Batting: LHB Larry Bradley | 0-0: Foul Ball, location: 2F 0-1: Ball 1-1: Swinging Strike 1-2: Strikes out swinging | Top of the 9th over - 0 runs, 2 hits, 0 errors, 2 left on base; Saint John's 11 - Nebraska 4 | BOTTOM OF THE 9TH |
---|
Nebraska Cornhuskers batting - Pitching for Saint John's Red Storm : RHP Juan Moreno | Batting: LHB Scott Perkins | 0-0: Ball 1-0: SINGLE (Flyball, 89S) | Batting: LHB Luis García | 0-0: Called Strike 0-1: Ball 1-1: Ball 2-1: Ball 3-1: Swinging Strike 3-2: Foul Ball, location: 2F 3-2: Base on Balls Scott Perkins to second | Batting: RHB Guy Bullard | 0-0: Called Strike 0-1: 3-RUN HOME RUN (Flyball, 7D), Distance : 356 ft | Pitching: RHP Leonardo Castillo | | Batting: SHB David Stanley | 0-0: Ball 1-0: Ground out U3 (Groundball, 3) | Batting: RHB John Carr | 0-0: Foul Ball, location: 2F 0-1: Ball 1-1: Called Strike 1-2: Strikes out looking | Batting: LHB Edmund Bilbrey | 0-0: Foul Ball, location: 2F 0-1: Called Strike 0-2: SINGLE (Line Drive, 7S) | Batting: RHB Pedro Martínez | 0-0: Called Strike 0-1: Ground out 5-3 (Groundball, 56S) | Bottom of the 9th over - 3 runs, 3 hits, 0 errors, 1 left on base; Saint John's 11 - Nebraska 7 | | Saturday, December 16th, 2017 - OOTP Baseball 18.8 Build 76 | |